 Dungeon Crawl Stone Soup version 0.30-a0-636-g200c5c4a83 (webtiles) character file.

Game seed: 5358672723642526286

60 Bnni the Sneak (level 4, -1/23 HPs)
             Began as a Vine Stalker Brigand on Jan 15, 2023.
             Slain by Grinder (7 damage)
             ... on level 3 of the Dungeon.
             The game lasted 00:02:10 (1936 turns).

Bnni the Sneak (Vine Stalker Brigand)               Turns: 1936, Time: 00:02:11

Health: -1/23      AC:  7    Str: 14    XL:     4   Next: 4%
Magic:  0/5        EV:  9    Int: 11    God:
Gold:   164        SH:  0    Dex: 17    Spells: 3/3 levels left

rFire   . . .      SeeInvis .    a - +2 dagger
rCold   . . .      Faith    .    (no shield)
rNeg    . . .      Spirit   +    r - +0 scale mail
rPois   .          Reflect  .    (no helmet)
rElec   .          Harm     .    c - +0 cloak
rCorr   .          Rampage  .    (no gloves)
Will    .....                    (no boots)
Stlth   ++                       (no amulet)
HPRegen 1.03/turn                (no ring)
MPRegen 0.09/turn                (no ring)

@: no status effects
A: fangs 2, regeneration 1, magic shield, antimagic bite, no potion heal 2
a: no special abilities


You were on level 3 of the Dungeon.
You visited 1 branch of the dungeon, and saw 3 of its levels.

You collected 164 gold pieces.

Inventory:

Hand Weapons
 a - a +2 dagger (weapon)
Missiles
 d - 9 poisoned darts (quivered)
 j - 2 datura-tipped darts
Armour
 c - a +0 cloak (worn)
 r - a +0 scale mail (worn)
Scrolls
 b - 2 scrolls of magic mapping {unknown}
 f - a scroll of fear {unknown}
 i - a scroll of butterflies
 n - 2 scrolls of vulnerability {unknown}
 q - a scroll of amnesia {unknown}
Potions
 g - a potion of resistance
 h - a potion of brilliance {unknown}
 m - a potion of attraction
 o - a potion of ambrosia
 p - a potion of curing
 s - 2 potions of might {unknown}


   Skills:
 + Level 2.5 Fighting
 * Level 3.3 Short Blades
 - Level 1.7 Throwing
 - Level 0.7 Dodging
 - Level 4.8 Stealth


You had 3 spell levels left.
You didn't know any spells.
Your spell library was empty.

Dungeon Overview and Level Annotations

Branches:
Dungeon (3/15)

Altars:
Ashenzari
Zin

Annotations:
D:3 Grinder


Innate Abilities, Weirdness & Mutations

You have extremely sharp teeth.
Your natural rate of healing is unusually fast.
When hurt, damage is shared between your health and your magic reserves.
Your bite disrupts and absorbs the magic of your enemies.
Potions cannot restore your health.


Message History

Grinder says, "Wait up."
Grinder hits you!
You writhe in agony.
You hit Grinder.
Grinder is lightly wounded.
Grinder barely misses you.
You hit Grinder.
Grinder is lightly wounded.
Grinder hits you!
You writhe in agony.
* * * LOW HITPOINT WARNING * * *
You are too injured to fight recklessly!
You hit Grinder but do no damage.
Grinder is lightly wounded.
Grinder hits you but does no damage.
You hit Grinder. You bite Grinder.
Grinder's magic leaks into the air.
You drain her magic.
You feel invigorated.
Grinder is moderately wounded.
You barely miss Grinder.
Grinder is moderately wounded.
Grinder hits you.
You writhe in agony.
* * * LOW HITPOINT WARNING * * *
Sorry, you're not good enough to have a special ability.
Unknown command.
It was a potion of curing.
That felt strangely inert.
Grinder hits you but does no damage.
You closely miss Grinder. Your bite misses Grinder.
Grinder is moderately wounded.
Grinder gestures at you.
You struggle to resist.
You hit Grinder.
Grinder is moderately wounded.
Grinder hits you.
You writhe in agony.
* * * LOW HITPOINT WARNING * * *
You hit Grinder but do no damage.
Grinder is moderately wounded.
Grinder's magic is no longer disrupted.
Grinder barely misses you.
You barely miss Grinder. Your bite misses Grinder.
Grinder is moderately wounded.
Grinder says, "DUCK!"
Grinder hits you!
You die...

##### #...# #...#
####...#### #.........##
#..........#
#.....@5(..#
####...###.... #...# #
###)..#### #..[..>..#
#..#.##..#########
#..#.##..#.......#
#..#..#..#.......#
#######..##.#..#.......#


You could see Grinder.

Vanquished Creatures
  An adder (D:3)
  An ufetubus (D:3)
  2 dart slugs
  2 orcs (D:3)
  3 ball pythons
  5 bats
  4 endoplasms
  A giant cockroach (D:2)
  2 goblins (D:1)
  A hobgoblin (D:1)
  4 jackals
  A quokka (D:1)
  2 frilled lizards
  2 kobolds (D:1)
  7 rats
38 creatures vanquished.

Notes
Turn   | Place    | Note
-------+----------+-------------------------------------------
     0 | D:1      | Bnni the Vine Stalker Brigand began the quest for the Orb.
     0 | D:1      | Reached XP level 1. HP: 11/11 MP: 2/2
   175 | D:1      | Reached XP level 2. HP: 15/15 MP: 3/3
   707 | D:2      | Reached XP level 3. HP: 18/18 MP: 4/4
  1610 | D:3      | Found a broken altar of Ashenzari.
  1613 | D:3      | Found a glowing silver altar of Zin.
  1892 | D:3      | Gained mutation: Your natural rate of healing is unusually
                  | fast. [Vine Stalker growth]
  1892 | D:3      | Reached XP level 4. HP: 23/23 MP: 5/5
  1923 | D:3      | Noticed Grinder
  1936 | D:3      | Slain by Grinder

Illustrated notes

Levels and vault maps discovered:
D:1:      lightli_arrival_noodles, layout_loops_ring
D:2:      layout_basic
D:3:      layout_loops_cross, lemuel_coloured_pillars_altar,
          nicolae_overflow_squiral, portal_sewer_entry_d,
          hangedman_abyss_or_decor_stabs, grunt_decor_fettered, minmay_bisected,
          uniq_pargi, uniq_grinder

Skill      XL: |  1  2  3 |
---------------+----------+-----
Short Blades   | 2 3 |  3.3
Fighting       | 2 |  2.5
Throwing       | |  1.7
Dodging        | |  0.7
Stealth        | |  4.8

Action                   |  1- 3 |  4- 6 || total
-------------------------+-------+-------++-------
Melee: Dagger            |    89 |    11 ||   100
       Bite              |    17 |     2 ||    19
Throw: Dart              |       |     3 ||     3
  Use: Scroll            |     6 |       ||     6
       Potion            |       |     1 ||     1
 Stab: Sleeping          |    12 |       ||    12
Armor: Robe              |    11 |       ||    11
       Scale mail        |    26 |     2 ||    28
       Ring mail         |     1 |       ||     1
Dodge: Dodged            |    52 |     3 ||    55

Table legend: (Time is in decaauts)
 A = Elapsed time spent in this place.
 B = Non-inter-level travel time spent in this place.
 C = Inter-level travel time spent in this place.
 D = Time resting spent in this place.
 E = Time spent auto-exploring this place.
 F = Levels seen in this place.
 G = Mean time per level.
                   A        B        C        D        E       F      G
               +--------+--------+--------+--------+--------+-----+--------+
         Total |   1921 |   1869 |     52 |      0 |   1544 |   3 |  640.3 |
       Dungeon |   1921 |   1869 |     52 |      0 |   1544 |   3 |  640.3 |
               +--------+--------+--------+--------+--------+-----+--------+

Top non-repeatable levels by time:
     D:2: 920 daAuts
     D:1: 666 daAuts
     D:3: 334 daAuts
